 Dungeon Crawl Stone Soup version 0.13.0-19-g8e0b589 (webtiles) character file.

655 Malachi the Skirmisher (level 7, -1/59 HPs)
             Began as a Ghoul Fighter on Oct 24, 2013.
             Slain by a hobgoblin
             ... wielding a +0,+0 club
              (4 damage)
             ... on Level 5 of the Dungeon.
             The game lasted 00:07:23 (3309 turns).

Malachi the Skirmisher (Ghoul Fighter)              Turns: 3309, Time: 00:07:23

HP  -1/59        AC  7     Str 22      XL: 7   Next: 25%
MP   4/4         EV  5     Int  3      God:
Gold 120         SH 18     Dex  4      Spells:  0 memorised,  6 levels left

Res.Fire  : + . .   See Invis. : .   u - +2 mace (drain)
Res.Cold  : + . .   Warding    : +   p - -2 chain mail of the Barber Surgeon {rF+ Dex-4}
Life Prot.: + + +   Conserve   : .   c - +0 shield
Res.Poison: +       Res.Corr.  : .   (no helmet)
Res.Elec. : .       Clarity    : .   (no cloak)
Sust.Abil.: . .     Spirit.Shd : .   (no gloves)
Res.Mut.  : .       Stasis     : .   (no boots)
Res.Rott. : +       Flight     : .   h - amulet of warding
Saprovore : + + +                    i - cursed -3 ring of strength
                                     s - +3 ring of strength

@: rotting, slightly resistant to hostile enchantments, extremely unstealthy
A: rotting body, claws 1, carnivore 3, cold resistance 1, life protection 3,
poison resistance, saprovore 3, slow healing 1, torment resistance, unbreathing
a: no special abilities


You were on level 5 of the Dungeon.
You were not hungry.

You visited 1 branch of the dungeon, and saw 5 of its levels.

You collected 100 gold pieces.

Inventory:

Hand weapons
 a - a +0,+1 hand axe {=f}
 u - a +2,+2 mace of draining (weapon)
Armour
 b - a +0 scale mail
 c - a +0 shield (worn)
 p - the cursed -2 chain mail of the Barber Surgeon (worn) {rF+ Dex-4}
   (You found it on level 4 of the Dungeon)

   It affects your dexterity (-4).
   It protects you from fire.
   It has a curse placed upon it.
 v - a +2 chain mail
Magical devices
 d - a wand of flame (3)
 k - a wand of teleportation (0)
Comestibles
 l - a meat ration
 w - a chunk of goblin flesh
 x - a rotting chunk of worker ant flesh
Scrolls
 n - 5 scrolls of identify
Jewellery
 g - an uncursed ring of wizardry
 h - an amulet of warding (around neck)
 i - a cursed -3 ring of strength (right claw)
 r - an uncursed ring of sustain abilities
 s - a +3 ring of strength (left claw)
Potions
 e - a potion of curing
 f - a potion of confusion {unknown}
 j - a potion of heal wounds
 m - a potion of slowing {unknown}
 o - a potion of flight {unknown}
 q - a potion of brilliance {unknown}
 z - a potion of restore abilities {unknown}
Magical staves
 t - an uncursed staff of poison


   Skills:
 + Level 4.1 Fighting
 - Level 3.0 Axes
 * Level 3.0 Maces & Flails
 + Level 4.1 Armour
 + Level 2.7 Dodging
 + Level 4.1 Shields


You had 6 spell levels left.
You didn't know any spells.

Dungeon Overview and Level Annotations

Branches:
Dungeon (5/27)
 Temple: D:4-7

Altars:
Cheibriados
the Shining One


Innate Abilities, Weirdness & Mutations

Your body is rotting away.
You have sharp fingernails.
You are carnivorous and can eat meat at any time.
Your flesh is cold resistant.
You are immune to negative energy.
Your system is resistant to poisons.
You thrive on rotten meat.
You heal slowly.
You are immune to unholy pain and torment.
You can survive without breathing.


Message History

The ogre is lightly wounded.
The ogre hits you with a giant club!
You thump the ogre!
The ogre is heavily wounded.
The ogre hits you with a giant club!
You hit the ogre.
The ogre is almost dead.
The ogre hits you with a giant club!
* * * LOW HITPOINT WARNING * * *
You are too injured to fight recklessly!
You hit the ogre.
You kill the ogre!
Your Maces & Flails skill increases to level 3!
You hit the hobgoblin.
The hobgoblin is moderately wounded.
The hobgoblin hits you but does no damage.
You hit the hobgoblin.
The hobgoblin is heavily wounded.
The hobgoblin hits you with a club.
You die...

##.# #.# #.#
#.# #.#
#########.#
........%)#
##########..#
#......g@...#
#.########.##
#.# #.# (.#
###


You could see a hobgoblin.

Vanquished Creatures
  A phantom (D:4)
  2 ogres
  Sigmund (D:4)
  3 iguanas (D:4)
  A worker ant (D:4)
  A gnoll (D:1)
  10 adders
  An inept feature mimic (D:3)
  2 worms
  2 giant geckos (D:1)
  3 orcs
  9 bats
  A giant cockroach (D:1)
  11 goblins
  10 hobgoblins
  7 jackals
  9 kobolds
  2 quokkas (D:3)
  A giant gecko skeleton (D:4)
  6 giant newts
  A goblin skeleton (D:4)
  8 rats
92 creatures vanquished.

Notes
Turn   | Place    | Note
--------------------------------------------------------------
     0 | D:1      | Malachi, the Ghoul Fighter, began the quest for the Orb.
     0 | D:1      | Reached XP level 1. HP: 19/19 MP: 0/0
    77 | D:1      | Reached XP level 2. HP: 19/26 MP: 1/1
   329 | D:1      | Reached XP level 3. HP: 26/32 MP: 2/2
   970 | D:2      | Reached XP level 4. HP: 11/39 MP: 2/2
  1484 | D:3      | Reached skill level 1 in Dodging
  1824 | D:3      | Reached XP level 5. HP: 43/46 MP: 3/3
  2305 | D:3      | Found a snail-covered altar of Cheibriados.
  2305 | D:3      | Found a glowing golden altar of the Shining One.
  2375 | D:4      | Noticed a phantom
  2406 | D:4      | Killed a phantom
  2406 | D:4      | Reached skill level 1 in Maces & Flails
  2406 | D:4      | Reached XP level 6. HP: 47/52 MP: 4/4
  2498 | D:4      | Got a polished chain mail
  2516 | D:4      | Identified the cursed -2 chain mail of the Barber Surgeon {rF+ Dex-4} (You found it on level 4 of the Dungeon)
  2571 | D:4      | Noticed Sigmund
  2626 | D:4      | Noticed an ogre
  2642 | D:4      | Reached skill level 4 in Fighting
  2645 | D:4      | Killed an ogre
  2880 | D:4      | Killed Sigmund
  3016 | D:4      | Reached XP level 7. HP: 53/59 MP: 4/4
  3236 | D:5      | Entered Level 5 of the Dungeon
  3309 | D:5      | Slain by a hobgoblin

Action                   |  1- 3 |  4- 6 |  7- 9 || total
-------------------------+-------+-------+-------++-------
Melee: Hand axe          |   122 |    87 |       ||   209
       Mace              |       |   110 |    22 ||   132
Evoke: Wand              |       |     1 |       ||     1
  Use: Scroll            |       |     9 |     3 ||    12
